 Dungeon Crawl Stone Soup version 0.18.1-2-ga659475 (webtiles) character file.

119 HungrySpirit the Cudgeler (level 5, -5/37 HPs)
             Began as a Formicid Ice Elementalist on May 8, 2016.
             Was a Follower of Cheibriados.
             Killed from afar by an orc wizard (13 damage)
             ... with a puff of flame
             ... on level 3 of the Dungeon.
             The game lasted 00:04:52 (3028 turns).

HungrySpirit the Cudgeler (FoIE)                    Turns: 3028, Time: 00:04:53

Health: -5/37      AC:  6    Str: 15    XL:     5   Next: 23%
Magic:  8/8        EV:  9    Int: 17    God:    Cheibriados [*.....]
Gold:   66         SH:  0    Dex: 13    Spells: 1 memorised, 7 levels left

rFire  . . .     SeeInvis +     g - +0 whip
rCold  . . .     Gourm    .     e - +0 scale mail
rNeg   . . .     Faith    .     (no shield)
rPois  .         Spirit   .     (helmet unavailable)
rElec  .         Dismiss  .     (no cloak)
rCorr  .         Reflect  .     (no gloves)
SustAt .         Harm     .     (no boots)
MR     .....                    (no amulet)
Stlth  +.........               (no ring)
                                (no ring)

@: flying, very slightly contaminated, invisible, very slow, not resistant to
hostile enchantments, very unstealthy
A: permanent stasis, dig shafts and tunnels, four strong arms, antennae 3
a: Dig, Shaft Self, Bend Time, Renounce Religion


You were on level 3 of the Dungeon.
You worshipped Cheibriados.
Cheibriados was aware of your devotion.
You were hungry.

You visited 1 branch of the dungeon, and saw 3 of its levels.

You collected 66 gold pieces.

Inventory:

Hand Weapons
 g - a +0 whip (weapon)
Armour
 a - a +0 shield
 e - a +0 scale mail (worn)
Scrolls
 d - 2 scrolls of random uselessness {unknown}
 k - a scroll of fog {unknown}
 m - 6 scrolls of identify {unknown}
 r - a scroll of magic mapping {unknown}
Potions
 j - 3 potions of flight
 o - a potion of invisibility
 q - a potion of haste {unknown}
Books
 b - a book of Frost

   Spells                             Type                      Level
   a - Freeze                         Ice                          1
   b - Throw Frost                    Conjuration/Ice              2
   c - Ozocubu's Armour               Charms/Ice                   3
   d - Throw Icicle                   Conjuration/Ice              4
   e - Summon Ice Beast               Ice/Summoning                4
 n - a book of Cantrips

   Spells                             Type                      Level
   a - Corona                         Hexes                        1
   b - Animate Skeleton               Necromancy                   1
   c - Summon Small Mammal            Summoning                    1
   d - Apportation                    Translocation                1
Comestibles
 c - 4 bread rations
 f - a meat ration
 i - 2 fruits
 p - a slice of pizza


   Skills:
 - Level 1.5 Fighting
 * Level 3.8 Maces & Flails
 - Level 1.7 Dodging
 - Level 2.4 Stealth
 - Level 2.1 Spellcasting
   Level 0.8 Conjurations
 - Level 3.3 Ice Magic


You had 7 spell levels left.
You knew the following spells:

 Your Spells              Type           Power        Failure   Level  Hunger
a - Freeze                Ice            ##..         24%         1    #......


Dungeon Overview and Level Annotations

Branches:
Dungeon (3/15)

Altars:
Cheibriados


Innate Abilities, Weirdness & Mutations

You are under a permanent stasis effect.
You can dig through walls and to a lower floor.
Your four strong arms can wield two-handed weapons with a shield.
You have a pair of large antennae on your head (SInv).


Message History

The orc wizard is moderately wounded.
The orc wizard hits you with a dagger.
* * * LOW HITPOINT WARNING * * *
You hit the orc wizard but do no damage.
The orc wizard is moderately wounded.
The orc wizard barely misses you.
Drink which item? (? for menu, Esc to quit)
It was a potion of berserk rage.
You cannot go berserk while under stasis.
The orc wizard closely misses you.
Drink which item? (? for menu, Esc to quit)
It was a potion of invisibility.
You fade into invisibility!
The orc wizard closely misses you.
You are very lightly contaminated with residual magic.
You hit the orc wizard but do no damage.
The orc wizard is moderately wounded.
The orc wizard gestures at you while chanting.
The puff of flame hits you!
You die...

#.. ##.#### ## #...(.# .#
#..#..## .#
########.#_#..## .#
#.........#....###.#
#.............†....###
#.......#......##....#
#.......##@##.#.#.##.#
#.......#o###...#.##.#
#........o)####.#....#
#.......##.#....####.#
#.......##.#.##.....##
#o......##...#....#.#####
................#.#.....#
..............#.#.###.#
#### #........#.#####.#


You could see an orc wizard (invisible) and an orc.

Vanquished Creatures
  An orc wizard (D:3)
  3 adders (D:2)
  3 worms (D:2)
  2 dart slugs (D:1)
  A giant gecko (D:2)
  2 orcs (D:3)
  3 giant cockroaches
  6 goblins
  7 hobgoblins
  8 jackals
  7 bats
  3 giant newts (D:1)
  5 kobolds
  11 rats
62 creatures vanquished.

Notes
Turn   | Place    | Note
--------------------------------------------------------------
     0 | D:1      | HungrySpirit the Formicid Ice Elementalist began the quest for the Orb.
     0 | D:1      | Reached XP level 1. HP: 13/13 MP: 3/3
   158 | D:1      | Reached skill level 1 in Fighting
   158 | D:1      | Reached XP level 2. HP: 10/21 MP: 3/5
   742 | D:1      | Reached skill level 1 in Maces & Flails
   742 | D:1      | Reached XP level 3. HP: 25/26 MP: 6/6
  1532 | D:2      | Reached XP level 4. HP: 26/32 MP: 7/7
  2939 | D:3      | Reached XP level 5. HP: 32/37 MP: 8/8
  2969 | D:3      | Found a faded altar to an unknown god.
  2979 | D:3      | Became a worshipper of Cheibriados the Contemplative
  2979 | D:3      | Reached * piety under Cheibriados
  3028 | D:3      | Killed from afar by an orc wizard

Skill      XL: |  1  2  3  4 |
---------------+-------------+-----
Fighting       | 1 |  1.5
Maces & Flails | 1 2 3 |  3.8
Dodging        | |  1.7
Stealth        | |  2.4
Spellcasting   | |  2.1
Conjurations   | |  0.8
Ice Magic      | |  3.3

Action                   |  1- 3 |  4- 6 || total
-------------------------+-------+-------++-------
Melee: Unarmed           |    32 |       ||    32
       Dagger            |    14 |       ||    14
       Whip              |   132 |   155 ||   287
 Cast: Freeze            |     7 |    17 ||    24
 Abil: Dig               |       |     1 ||     1
  Use: Potion            |       |     4 ||     4
  Eat: Chunk             |     2 |     5 ||     7
Armor: Scale mail        |    87 |    92 ||   179
       Robe              |     4 |       ||     4
Dodge: Dodged            |   113 |   104 ||   217
